 Dungeon Crawl Stone Soup version 0.23-b1-59-g586d0d887c (webtiles) character file.

Game seed: 4143976100146074896

153 Esekla the Covered (level 5, -3/40 HPs)
             Began as a Formicid Wanderer on Feb 4, 2019.
             Slain by an orc wizard
             ... wielding a +0 dagger
              (4 damage)
             ... on level 3 of the Dungeon.
             The game lasted 00:25:01 (1827 turns).

Esekla the Covered (Formicid Wanderer)              Turns: 1827, Time: 00:25:02

Health: -3/40      AC:  4    Str: 21    XL:     5   Next: 61%
Magic:  8/8        EV: 16    Int: 17    God:
Gold:   91         SH:  0    Dex: 16    Spells: 4/8 levels left

rFire    . . .     SeeInvis +   c - +0 hand axe
rCold    . . .     Gourm    .   (no shield)
rNeg     . . .     Faith    .   r - +0 leather armour
rPois    .         Spirit   .   (helmet unavailable)
rElec    .         Reflect  .   k - +0 cloak
rCorr    .         Harm     .   (no gloves)
MR       .....                  (no boots)
Stlth    +++.......             (no amulet)
HPRegen  0.13/turn              (no ring)
MPRegen  0.11/turn              (no ring)

@: mighty, brilliant, agile, flying
A: permanent stasis, dig shafts and tunnels, four strong arms, antennae 3
a: Dig, Shaft Self


You were on level 3 of the Dungeon.
You were not hungry.

You visited 1 branch of the dungeon, and saw 5 of its levels.

You collected 91 gold pieces.

Inventory:

Hand Weapons
 c - a +0 hand axe (weapon)
 s - a +0 battleaxe
 v - a +0 war axe
Missiles
 e - 3 tomahawks (quivered)
Armour
 b - a +0 ring mail
 k - a +0 cloak (worn)
 r - a +0 leather armour (worn)
Scrolls
 a - 2 scrolls of remove curse {unknown}
 f - 6 scrolls of identify {unknown}
 m - a scroll of enchant armour {unknown}
 o - a scroll of noise {unknown}
 p - a scroll of teleportation {unknown}
 q - a scroll of random uselessness {unknown}
 u - a scroll of blinking {unknown}
Potions
 h - a potion of curing {unknown}
 i - a potion of agility
 j - 2 potions of flight
 l - a potion of haste
Comestibles
 d - 5 rations


   Skills:
 + Level 2.8 Fighting
 * Level 3.0 Axes
 + Level 3.1 Armour
 + Level 0.1 Dodging
 - Level 1.3 Stealth
   Level 1.2 Shields
 + Level 2.2 Spellcasting
 * Level 1.7 Conjurations
   Level 1.0 Translocations
 * Level 0.5 Air Magic
 * Level 1.1 Poison Magic


You had 4 spell levels left.
You knew the following spells:

 Your Spells              Type           Power        Failure   Level  Hunger
a - Magic Dart            Conj           ###.         1%          1    #......
c - Mephitic Cloud        Conj/Pois/Air  ###.....     4%          3    ###....

Your spell library contained the following spells:

 Spells                   Type           Power        Failure   Level  Hunger
 Call Imp                 Summ           ##......     4%          2    ###....
 Slow                     Hex            ##......     4%          2    ###....
 Conjure Flame            Conj/Fire      ###.....     5%          3    ###....
 Blink                    Tloc           Unusable     N/A         2    N/A

Dungeon Overview and Level Annotations

Branches:
Dungeon (5/15)
 Temple: D:4-7

Altars:

Annotations:
D:2 Natasha


Innate Abilities, Weirdness & Mutations

You cannot be hasted, slowed, berserked, paralysed or teleported.
You can dig through walls and to a lower floor.
Your four strong arms can wield two-handed weapons with a shield.
You have a pair of large antennae on your head. (SInv)


Message History

Okay, then.
You hit the orc wizard.
The orc wizard is heavily wounded.
The orc wizard casts a spell at you. The magic dart hits you.
* * * LOW HITPOINT WARNING * * *
It was a potion of haste.
Your stasis prevents you from being hasted.
The orc wizard barely misses you.
It was a potion of magic.
Magic courses through your body.
The orc wizard hits you with a +0 dagger.
* * * LOW HITPOINT WARNING * * *
It was a potion of might.
You feel very mighty all of a sudden.
The orc wizard hits you with a +0 dagger.
* * * LOW HITPOINT WARNING * * *
It was a potion of brilliance.
You feel clever all of a sudden.
The orc wizard hits you with a +0 dagger.
You die...

..............#.# #.# #...(
#...#########.#.#####.########.##
...†............................<
#.#...........#.##############.##
..#.########..#.# #).. ###.#
#..#.##############..# ....#
#..#.##............... #####
#..#.##......######...
#..#.@#......##.....#.
#..#o##......##.#####.
#....)#......##.#.....
#.#####......##.#.#[..
#.....†......##.#.#.##
########.....##.#.#.##
#.......[..#.#.# #.#....o##.#.#.#
#.#........#.#.#


You could see an orc wizard (invisible).

Vanquished Creatures
  An orc wizard (D:3)
  A hound skeleton (D:4)
  3 adders
  3 oozes
  2 dart slugs
  A leopard gecko (D:1)
  4 orcs (D:3)
  A ball python (D:2)
  5 bats
  3 giant cockroaches
  7 goblins
  8 hobgoblins
  5 jackals
  2 quokkas
  6 frilled lizards
  4 kobolds
  9 rats
65 creatures vanquished.

Notes
Turn   | Place    | Note
-------+----------+-------------------------------------------
     0 | D:1      | Esekla the Formicid Wanderer began the quest for the Orb.
     0 | D:1      | Esekla set off with the following items: a +0 ring mail, a
                  | +0 hand axe, a ration; and the following spell memorised:
                  | Magic Dart; and the following spells available to memorise:
                  | Call Imp, Slow, Conjure Flame, Mephitic Cloud
     0 | D:1      | Reached XP level 1. HP: 16/16 MP: 3/3
   101 | D:1      | Reached skill level 1 in Conjurations
   101 | D:1      | Reached XP level 2. HP: 20/22 MP: 5/5
   291 | D:1      | Reached XP level 3. HP: 18/28 MP: 3/6
   665 | D:2      | Reached XP level 4. HP: 33/34 MP: 2/7
   675 | D:2      | Noticed Natasha
   761 | D:1      | Learned a level 3 spell: Mephitic Cloud
   813 | D:2      | You fall through a shaft for 2 floors!
   847 | D:4      | Noticed an ogre
  1221 | D:4      | Reached XP level 5. HP: 33/39 MP: 8/8
  1384 | D:5      | Entered Level 5 of the Dungeon
  1796 | D:3      | Reached skill level 1 in Poison Magic
  1825 | D:3      | HP: 2/40 [orc wizard/+0 dagger (2)]
  1827 | D:3      | Slain by an orc wizard

Skill      XL: |  1  2  3  4  5 |
---------------+----------------+-----
Conjurations   | 1 |  1.7
Axes           | 2 3 |  3.0
Armour         | 3 |  3.1
Poison Magic   | 1 |  1.1
Fighting       | |  2.8
Dodging        | |  0.1
Stealth        | |  1.3
Shields        | |  1.2
Spellcasting   | |  2.2
Translocations | |  1.0
Air Magic      | |  0.5

Action                   |  1- 3 |  4- 6 || total
-------------------------+-------+-------++-------
Melee: Hand axe          |    82 |   114 ||   196
Throw: Tomahawk          |     3 |     1 ||     4
 Cast: Magic Dart        |    14 |    18 ||    32
 Abil: Shaft Self        |       |     1 ||     1
  Use: Potion            |       |     6 ||     6
  Eat: Ration            |       |     2 ||     2
Armor: Ring mail         |    40 |    36 ||    76
       Leather armour    |       |     2 ||     2
Dodge: Dodged            |    47 |    67 ||   114
